 Dungeon Crawl Stone Soup version 0.28-a0-984-g3775c662fe (webtiles) character file.

Game seed: 2043797369547763613

4508 rogsnak the Destroyer (level 10, -4/112 HPs)
             Began as a Green Draconian Air Elementalist on Dec 3, 2021.
             Slain by an orc warrior (8 damage)
             ... in a bailey.
             The game lasted 00:28:18 (11078 turns).

rogsnak the Destroyer (DrAE)                       Turns: 11078, Time: 00:28:19

Health: -4/112     AC: 25    Str: 17    XL:     10   Next: 16%
Magic:  21/21      EV:  2    Int: 19    God:
Gold:   340        SH:  5    Dex: 12    Spells: 13/24 levels left

rFire   . . .      SeeInvis .   G - +10 whip "Noannaip" {speed, rC+ Will+}
rCold   + . .      Faith    .   (no shield)
rNeg    . . .      Spirit   .   (armour unavailable)
rPois   +          Reflect  +   (helmet currently unavailable)
rElec   .          Harm     .   (cloak currently unavailable)
rCorr   .          Rampage  .   (gloves currently unavailable)
Will    +....      NoTele   +   (boots currently unavailable)
Stlth   ++........              y - amulet of reflection
HPRegen 0.28/turn               L - +6 ring of strength
MPRegen 0.17/turn               (no ring)

@: tree-form
A: stationary, stasis, torment immunity, boosted hp, (breathe noxious fumes), AC
+7, unfitting armour, (poison resistance), (cold-blooded)
a: no special abilities


You were in a bailey.
You were a tree.
You visited 2 branches of the dungeon, and saw 9 of its levels.
You also visited: Sewer, Ossuary and Bailey.

You collected 340 gold pieces.

Inventory:

Hand Weapons
 a - a +0 club
 b - a +0 spear
 h - a +2 dagger of draining
 j - a +1 spear of freezing
 p - a +3 rapier of electrocution
 t - a +0 dagger of venom
 x - a +4 dagger
 E - a +0 hand crossbow
 G - the +10 whip "Noannaip" (weapon) {speed, rC+ Will+}
   (You found it on level 5 of the Dungeon)

   Attacks with this weapon are significantly faster.
   rC:        It protects you from cold.
   Will:      It increases your willpower.
 M - a +0 hand crossbow of flaming
Missiles
 i - a throwing net
 o - 69 poisoned darts
 N - 20 bolts
Armour
 c - a +0 cloak (melded)
Jewellery
 y - an amulet of reflection (around neck)
 L - a +6 ring of strength (left branch)
Scrolls
 d - 8 scrolls of identify {unknown}
 g - a scroll of acquirement
 r - 3 scrolls of fog {unknown}
 s - 3 scrolls of teleportation {unknown}
 v - 6 scrolls of fear {unknown}
 C - 2 scrolls of blinking {unknown}
 I - a scroll of torment {unknown}
 J - a scroll of vulnerability {unknown}
Potions
 e - a potion of berserk rage
 f - 2 potions of magic
 k - 7 potions of might
 u - 2 potions of lignification
 w - 4 potions of cancellation
 z - a potion of mutation {unknown}
 A - 3 potions of curing
 B - a potion of ambrosia {unknown}
 D - 4 potions of flight
 F - a potion of haste {unknown}
 H - a potion of heal wounds {unknown}
 K - a potion of brilliance {unknown}


   Skills:
 + Level 2.8 Fighting
 + Level 3.7 Dodging
 - Level 2.0 Stealth
 + Level 1.3 Shields
 + Level 7.7 Spellcasting
 * Level 9.0 Conjurations
 + Level 7.8 Air Magic


You had 13 spell levels left.
You knew the following spells:

 Your Spells              Type           Power      Damage    Failure   Level
a - Shock                 Conj/Air       100%       1d9       1%          1
b - Swiftness             Air            37%        N/A       1%          3
c - Airstrike             Air            18%        N/A       3%          4
d - Stone Arrow           Conj/Erth      48%        3d10      4%          3

Your spell library contained the following spells:

 Spells                   Type           Power      Damage    Failure   Level
 Magic Dart               Conj           100%       1d8       1%          1
 Static Discharge         Conj/Air       39%        N/A       1%          2
 Mephitic Cloud           Conj/Pois/Air  28%        N/A       2%          3
 Slow                     Hex            28%        N/A       10%         1
 Call Imp                 Summ           7%         N/A       14%         2
 Confusing Touch          Hex            7%         N/A       28%         3
 Vampiric Draining        Necr           7%         2d6       28%         3
 Lehudib's Crystal Spear  Conj/Erth      12%        10d4      100%        8
 Animate Armour           Summ/Erth      Unusable   N/A       N/A         4

Dungeon Overview and Level Annotations

Branches:
Dungeon (8/15)             Temple (1/1) D:6           Sewer (visited)
Ossuary (visited)          Bailey (1/1)
   Lair: D:8-11

Altars:
Ashenzari
Cheibriados
Dithmenos
Fedhas
Gozag
Hepliaklqana
Kikubaaqudgha
Makhleb
Nemelex Xobeh
Okawaru
Qazlal
Ru
Trog
Uskayaw
Vehumet
Xom
Yredelemnul
The Shining One

Shops:
D:4 *


Innate Abilities, Weirdness & Mutations

You are a tree.
Your roots penetrate the ground, keeping you stationary.
You cannot be teleported.
You are immune to unholy pain and torment.
Your maximum health is greatly increased.
Your equipment is partially melded.
((You can breathe blasts of noxious fumes.))
((Your lurid green scales are hard. (AC +7)))
You cannot fit into any form of body armour.
((Your system is resistant to poisons. (rPois)))
((You are cold-blooded and may be slowed by cold attacks.))


Message History

It is a scroll of amnesia.
Really abort (and waste the scroll)? [Y]es or [N]o only, please.
Really abort (and waste the scroll)? [Y]es or [N]o only, please.
Really abort (and waste the scroll)? [Y]es or [N]o only, please.
Really abort (and waste the scroll)?
Okay, then.
The orc warrior misses you.
The orc warrior hits you from afar with a +0 halberd!
Unknown command.
As you read the scroll labelled TIRAME KYIZ, it crumbles to dust.
You hear a loud clanging noise!
It was a scroll of noise.
You have got your breath back.
The orc shouts!
You hear a shout! x3
The orc warrior hits you from afar with a +0 glaive!
* * * LOW HITPOINT WARNING * * *
The orc warrior hits you from afar with a +0 halberd.
* * * LOW HITPOINT WARNING * * *
An orc comes into view. It is wielding a +0 war axe.
Okay, then.
As you read the scroll labelled BIVATHA YPLO, it crumbles to dust.
It is a scroll of enchant weapon.
Your +2 rapier of electrocution glows red for a moment.
The orc warrior hits you from afar with a +0 glaive!
* * * LOW HITPOINT WARNING * * *
The orc warrior barely misses you. The orc completely misses you.
Unknown command.
It was a potion of lignification.
You turn into a tree.
Your +0 cloak melds into your body.
Your roots penetrate the ground.
The orc warrior hits you from afar with a +0 glaive.
* * * LOW HITPOINT WARNING * * *
You block the orc warrior's attack. The orc hits you but does no damage.
Unknown command.
Okay, then.
It was a potion of flight.
Your roots keep you in place.
The orc warrior hits you from afar with a +0 glaive!
You die...

############
##.∩........##
#.))....)....#####
#))))o.......#....
#∩.).........'....
#..o......)..#....
#♣.o..o......#####
##.o........##
############


You could see 2 orc warriors and 3 orcs.

Vanquished Creatures
  Pikel (D:6)
  Psyche (D:8)
  A hornet (D:7)
  Eustachio (D:4)
  A steam dragon (D:6)
  Menkaure (D:6)
  A water moccasin (D:8)
  2 orc warriors (Bailey)
  A black bear (D:4)
  A sky beast (D:6)
  A necrophage (D:4)
  3 ogres
  A centaur (D:5)
  3 lemures (D:6)
  4 kobold brigands
  3 scorpions
  3 water moccasin zombies
  A wyvern zombie (Ossuary)
  5 wights (D:6)
  4 bullfrog zombies (Ossuary)
  3 centaur zombies (Ossuary)
  2 jellies (D:4)
  Crazy Yiuf (D:3)
  2 bullfrog skeletons
  3 orc priests (D:6)
  A centaur skeleton (D:7)
  3 iguanas
  Natasha (thrice) (D:1)
  An orc wizard (D:6)
  18 mummies (Ossuary)
  A killer bee zombie (Ossuary)
  2 hound skeletons
  A howler monkey zombie (Ossuary)
  Robin (D:2)
  A howler monkey skeleton (D:6)
  10 adders
  7 gnolls
  3 river rats
  2 white imps (D:6)
  2 ufetubi (D:4)
  7 worms
  4 dart slugs
  17 orcs
  6 bats
  4 endoplasms
  4 giant cockroaches
  7 hobgoblins
  11 jackals
  18 kobolds
  6 quokkas
  5 ball pythons
  3 frilled lizards
  15 goblins
  9 rats
222 creatures vanquished.

Vanquished Creatures (others)
  7 plants (D:2)
  9 withered plants (Ossuary)
16 creatures vanquished.

Grand Total: 238 creatures vanquished

Notes
Turn   | Place    | Note
-------+----------+-------------------------------------------
     0 | D:1      | rogsnak the Draconian Air Elementalist began the quest for
                  | the Orb.
     0 | D:1      | Reached XP level 1. HP: 14/14 MP: 3/3
   610 | D:1      | Reached XP level 2. HP: 20/20 MP: 3/5
  1063 | D:1      | Found a faded altar of an unknown god.
  1363 | D:2      | Noticed Natasha
  1418 | D:2      | Noticed a crimson imp
  1426 | D:2      | Noticed a crimson imp
  1427 | D:1      | HP: 1/20 [Natasha (2)]
  1428 | D:1      | Killed Natasha
  1429 | D:1      | Reached XP level 3. HP: 2/26 MP: 0/6
  1817 | D:1      | Noticed Natasha
  1824 | D:1      | Killed Natasha
  1825 | D:1      | Reached skill level 2 in Conjurations
  1825 | D:1      | Reached XP level 4. HP: 26/33 MP: 0/7
  2140 | D:1      | Noticed Natasha
  2148 | D:1      | Killed Natasha
  2212 | D:2      | Noticed an ogre
  2734 | D:2      | Reached XP level 5. HP: 38/38 MP: 6/9
  3079 | D:1      | Killed an ogre
  3080 | D:1      | Reached skill level 3 in Conjurations
  3159 | D:2      | Noticed Robin
  3400 | D:2      | Reached XP level 6. HP: 40/45 MP: 4/10
  3402 | D:2      | Killed Robin
  4048 | D:3      | Found a bloodstained altar of Trog.
  4102 | D:3      | Found a glowing golden altar of the Shining One.
  4370 | D:3      | Learned a level 3 spell: Swiftness
  4375 | D:3      | Learned a level 4 spell: Airstrike
  4443 | D:3      | Learned a level 3 spell: Stone Arrow
  4627 | D:3      | Found a runed translucent door.
  4628 | D:3      | Noticed Crazy Yiuf
  4731 | D:3      | Found a basalt altar of Yredelemnul.
  4738 | D:3      | Found a sparkling altar of Nemelex Xobeh.
  4825 | D:4      | Noticed Eustachio
  4899 | D:4      | Killed Eustachio
  4900 | D:4      | Reached skill level 4 in Conjurations
  4900 | D:4      | Reached skill level 5 in Air Magic
  4954 | D:4      | Your scales start taking on a lurid green colour.
  4954 | D:4      | Reached XP level 7. HP: 32/51 MP: 9/12
  4954 | D:4      | Gained mutation: Your system is resistant to poisons.
                  | (rPois) [Green Draconian growth]
  5022 | D:4      | Reached skill level 5 in Conjurations
  5173 | D:4      | Found a glowing drain.
  5214 | Sewer    | Entered a sewer
  5523 | Sewer    | Reached skill level 1 in Fighting
  5691 | Sewer    | Reached XP level 8. HP: 59/59 MP: 3/14
  6075 | D:3      | Killed Crazy Yiuf
  6303 | D:4      | Found an opulent altar of Gozag.
  6386 | D:4      | Reached skill level 6 in Conjurations
  6519 | D:4      | Found Koaps's General Store.
  6760 | D:4      | Reached skill level 5 in Spellcasting
  6952 | D:4      | Found a sacrificial altar of Ru.
  7017 | D:5      | Entered Level 5 of the Dungeon
  7068 | D:5      | Found a radiant altar of Vehumet.
  7641 | D:5      | Identified the +10 whip "Noannaip" {speed, rC+ Will+}
  8096 | D:6      | Found a sand-covered staircase.
  8110 | Ossuary  | Entered an ossuary
  8373 | Ossuary  | Reached skill level 1 in Shields
  8490 | Ossuary  | Reached XP level 9. HP: 56/67 MP: 10/17
  8493 | Ossuary  | Reached skill level 7 in Conjurations
  8976 | D:6      | Noticed Pikel
  9073 | D:6      | Killed Pikel
  9074 | D:6      | Reached skill level 8 in Conjurations
  9075 | D:6      | Found a staircase to the Ecumenical Temple.
  9112 | Temple   | Entered the Ecumenical Temple
  9414 | D:6      | Noticed Menkaure
  9417 | D:6      | Killed Menkaure
 10407 | D:7      | Found a stormy altar of Qazlal.
 10482 | D:7      | Found an iron altar of Okawaru.
 10595 | D:8      | Noticed Psyche
 10599 | D:8      | Killed Psyche
 10600 | D:8      | Reached XP level 10. HP: 75/75 MP: 8/21
 10687 | D:8      | Found a flagged portal.
 10830 | Bailey   | Entered a bailey
 11064 | Bailey   | Reached skill level 9 in Conjurations
 11072 | Bailey   | Identified 2 scrolls of acquirement
 11072 | Bailey   | Acquired the amulet "Ywneir" {Faith Rampage rElec rN++
                  | Int-4}
 11077 | Bailey   | HP: 4/112 [orc warrior (2)]
 11078 | Bailey   | Slain by an orc warrior

Illustrated notes

Levels and vault maps discovered:
D:1:      eino_arrival_cavern_d, layout_loops_corners,
          ebering_ecumenical_altar_box
D:2:      layout_basic, solitary_fountain, grunt_ministairs_6,
          ebering_dispersal_statue_hall, chequers_big_river, uniq_natasha,
          uniq_robin
D:3:      layout_loops_ring, old_standard_altar, bloody_trog,
          gammafunk_temple_overflow_pools, uniq_crazy_yiuf_cottage
D:4:      layout_rooms, mainiacjoe_overflow_24_doors, nicolae_ru_path_of_blood,
          serial_shops, nicolae_shop_crystal, gup_sewer_entry_spiral,
          uniq_eustachio
D:5:      layout_basic, fiery_altar_vehumet, minmay_fountain_box
D:6:      layout_basic, minmay_temple_entry_overgrown, enter_ossuary_1,
          uniq_pikel, uniq_menkaure
D:7:      layout_gridville, mainiacjoe_overflow_chevrons,
          nicolae_overflow_hidden_temple, mainiacjoe_overflow_cross_hatched
D:8:      layout_loops_corners, mainiacjoe_overflow_paths, enter_bailey_6,
          dk_vineyard_2, nicolae_elevator_lobby_asterisk, uniq_psyche
Temple:   chequers_temple_sunken
Bailey:   bailey_polearm_5, bailey

Skill      XL: |  1  2  3  4  5  6  7  8  9 10 |
---------------+-------------------------------+-----
Dodging        | 2 3 |  3.7
Stealth        | 2 |  2.0
Conjurations   | 2 3 4 5 6 8 9 |  9.0
Air Magic      | 4 5 6 7 |  7.8
Spellcasting   | 3 4 5 7 |  7.7
Fighting       | 1 2 |  2.8
Shields        | 1 |  1.3

Action                   |  1- 3 |  4- 6 |  7- 9 | 10-12 || total
-------------------------+-------+-------+-------+-------++-------
Melee: Unarmed           |     9 |       |       |       ||     9
       Tailslap          |     3 |       |    11 |     4 ||    18
       Spear             |    23 |    11 |       |       ||    34
       Dagger            |       |    15 |       |       ||    15
       Rapier            |       |    10 |    83 |       ||    93
       Whip              |       |       |    91 |    18 ||   109
 Cast: Shock             |    47 |   144 |   291 |    37 ||   519
       Swiftness         |       |       |     1 |       ||     1
       Airstrike         |       |       |     9 |     2 ||    11
 Abil: Breathe Noxious F |       |       |    15 |     2 ||    17
  Use: Potion            |       |       |     6 |     2 ||     8
       Scroll            |       |       |       |     5 ||     5
 Stab: Sleeping          |     1 |       |     1 |       ||     2
       Confused          |       |       |     5 |       ||     5
Armor: Skin              |    15 |    22 |    64 |     8 ||   109
Dodge: Dodged            |    27 |    42 |   109 |    39 ||   217
Block: Other             |       |       |    29 |    15 ||    44
       Reflection        |       |       |     1 |     1 ||     2

Table legend: (Time is in decaauts)
 A = Elapsed time spent in this place.
 B = Non-inter-level travel time spent in this place.
 C = Inter-level travel time spent in this place.
 D = Time resting spent in this place.
 E = Time spent auto-exploring this place.
 F = Levels seen in this place.
 G = Mean time per level.
                   A        B        C        D        E       F      G
               +--------+--------+--------+--------+--------+-----+--------+
         Total |  11298 |  11059 |    239 |   2567 |   5559 |  12 |  941.5 |
       Dungeon |   9188 |   8949 |    239 |   1642 |   5102 |   8 | 1148.5 |
        Temple |    198 |    198 |      0 |      0 |    154 |   1 |  198.0 |
         Sewer |    823 |    823 |      0 |    246 |    275 |   1 |  823.0 |
       Ossuary |    843 |    843 |      0 |    537 |     27 |   1 |  843.0 |
        Bailey |    245 |    245 |      0 |    141 |      0 |   1 |  245.0 |
               +--------+--------+--------+--------+--------+-----+--------+

Top non-repeatable levels by time:
     D:1: 2375 daAuts
     D:2: 1536 daAuts
     D:6: 1372 daAuts
     D:4: 1293 daAuts
     D:3: 1168 daAuts
     D:5: 1009 daAuts
 Ossuary: 843 daAuts
   Sewer: 823 daAuts
     D:8: 254 daAuts
  Bailey: 245 daAuts
  Temple: 198 daAuts
     D:7: 178 daAuts
